[Event "Team 45 45 League T59"]
[Site "Internet Chess Club"]
[Date "2013.12.09"]
[Round "3"]
[White "Baseta"]
[Black "Inquisiteur"]
[Result "1-0"]
[WhiteElo "1813"]
[BlackElo "1716"]
[Opening "English: symmetrical variation"]
[ECO "A33"]
[Time "11:15:33"]
[TimeControl "2700+45"]

1. d4 Nf6 2. c4 e6 3. Nf3 c5 4. Nc3 cxd4 5. Nxd4 Nc6 6. e4 Bb4 7. Nxc6 bxc6 8.
e5 Ne4 9. Qf3 Nxc3 10. bxc3 Bc5 11. Bd3 Qa5 12. Bd2 Be7 13. Qg3 g6 14. O-O Ba6
15. h4 Qc5 16. Be3 Qa3 17. Rac1 d5 18. exd6 Bxd6 19. Qf3 Qa4 20. Bd4 Rf8 21. Qe2
O-O-O 22. Rb1 c5 23. Bf6 Rd7 24. Rb3 Rb7 25. Qb2 Rxb3 26. axb3 Qc6 27. f3 Qb6
28. Kh1 Bb7 29. b4 cxb4 30. c5 Bxc5 31. cxb4 Bxb4 32. Rc1+ Kd7 33. Qe5 Qd6 34.
Bb5+ {Black resigns} 1-0

[Event "Team 45 45 League T59"]
[Site "Internet Chess Club"]
[Date "2013.12.09"]
[Round "3"]
[White "FourKnights"]
[Black "frank001"]
[Result "1/2-1/2"]
[WhiteElo "1813"]
[BlackElo "1768"]
[Opening "QGD: Albin counter-gambit"]
[ECO "D08"]
[Time "16:09:29"]
[TimeControl "2700+45"]

1. d4 d5 2. c4 e5 3. e3 exd4 4. Qxd4 Nf6 5. cxd5 Nxd5 6. e4 Nb4 7. Qxd8+ Kxd8 8.
Na3 Be6 9. Bg5+ Be7 10. Bxe7+ Kxe7 11. b3 Nd7 12. Nf3 Nc5 13. Nd2 Rhd8 14. Bc4
c6 15. Bxe6 Ncd3+ 16. Ke2 Kxe6 17. Nac4 b5 18. Ne3 g5 19. a3 Nf4+ 20. Kf3 Nbd3
21. Nef1 Ne5+ 22. Kg3 h5 23. f3 h4+ 24. Kf2 Rd4 25. g3 Nfg6 26. b4 h3 27. Nb3
Rc4 28. Nc5+ Kf6 29. Ne3 Rc3 30. Rhc1 Rxc5 31. Rxc5 Nd3+ 32. Ke2 Nxc5 33. Ng4+
Ke6 34. bxc5 Rd8 35. Nf2 Ne5 36. Nxh3 f6 37. Nf2 Nc4 38. Ra2 {Game drawn by
mutual agreement} 1/2-1/2

[Event "Team 45 45 League T59"]
[Site "Internet Chess Club"]
[Date "2013.12.08"]
[Round "3"]
[White "Ptzz"]
[Black "chess09"]
[Result "1-0"]
[WhiteElo "2096"]
[BlackElo "1981"]
[Opening "Sicilian: Canal-Sokolsky attack, Sokolsky variation"]
[ECO "B52"]
[Time "11:00:37"]
[TimeControl "2700+45"]

1. e4 c5 2. Nf3 d6 3. Bb5+ Bd7 4. Bxd7+ Qxd7 5. c4 Nc6 6. Nc3 g6 7. d4 cxd4 8.
Nxd4 Bg7 9. Be3 Nf6 10. f3 Rc8 11. b3 O-O 12. Qd2 Rfd8 13. O-O h5 14. Rad1 Kh7
15. Nd5 Nxd5 16. exd5 Nxd4 17. Bxd4 Bh6 18. Qe2 a6 19. a4 Re8 20. f4 Rb8 21. f5
g5 22. Qxh5 Rf8 23. Rd3 g4 24. Be3 Rh8 25. Bxh6 Qe8 26. Re3 b5 27. f6 e5 28.
Bg7+ {Black resigns} 1-0

[Event "Team 45 45 League T59"]
[Site "Internet Chess Club"]
[Date "2013.12.10"]
[Round "3"]
[White "CaoCao"]
[Black "Holgate"]
[Result "1-0"]
[WhiteElo "1870"]
[BlackElo "1971"]
[Opening "Sicilian: accelerated fianchetto, modern variation with Bc4"]
[ECO "B35"]
[Time "10:01:21"]
[TimeControl "2700+45"]

1. e4 c5 2. Nf3 Nc6 3. d4 cxd4 4. Nxd4 g6 5. Nc3 Bg7 6. Be3 Nf6 7. Bc4 Qa5 8.
O-O O-O 9. Nb3 Qc7 10. f4 d6 11. Be2 b6 12. Bf3 Bb7 13. Qd2 Rac8 14. Rad1 Rfd8
15. g4 Nb4 16. g5 Nd7 17. a3 Na6 18. Nd4 Nac5 19. Qg2 Ne6 20. Nxe6 fxe6 21. Qh3
Nf8 22. Rf2 Qd7 23. e5 Bxf3 24. Qxf3 Rc4 25. Rfd2 Qc6 26. Qxc6 Rxc6 27. Nb5 a6
28. Na7 Rc4 29. b3 Re4 30. Kf2 Rd7 31. Nc6 Rc7 32. exd6 Rxc6 33. dxe7 Kf7 34.
exf8=Q+ Bxf8 35. Kf3 Rxe3+ 36. Kxe3 Bxa3 37. Rd7+ {Black resigns} 1-0

[Event "Team 45 45 League T59"]
[Site "Internet Chess Club"]
[Date "2013.12.08"]
[Round "3"]
[White "Tobiasdelmonte"]
[Black "zap2"]
[Result "0-1"]
[WhiteElo "1737"]
[BlackElo "1761"]
[Opening "Caro-Kann defense"]
[ECO "B10"]
[Time "15:05:16"]
[TimeControl "2700+45"]

1. e4 c6 2. c3 d5 3. exd5 cxd5 4. d4 Bf5 5. Nf3 Nf6 6. Bf4 Nc6 7. Na3 a6 8. Be2
e6 9. Nc2 Bd6 10. Bg3 O-O 11. Ne3 Bg6 12. O-O Rc8 13. Nh4 Bxg3 14. hxg3 Be4 15.
f3 Bg6 16. Nxg6 hxg6 17. Qd2 Qc7 18. Kf2 Nh5 19. f4 Nf6 20. Bf3 b5 21. Rh1 Ne4+
22. Bxe4 dxe4 23. Rh3 Ne7 24. Rah1 f6 25. d5 exd5 26. Nxd5 Qc5+ 27. Ne3 Kf7 28.
Rd1 Rcd8 29. Qxd8 Rxd8 30. Rxd8 Nf5 31. g4 Nxe3 32. Rxe3 Qc7 33. Rd4 Qxf4+ 34.
Ke2 Qxg4+ 35. Kf2 f5 36. g3 Qh5 37. Kg2 Qg5 38. Kf2 Qe7 39. Re2 Qc5 40. Rd2 Ke6
41. Ke2 a5 42. a3 b4 43. axb4 axb4 44. Rxb4 Qg1 45. Rdd4 Qxg3 46. Rb5 Qf3+ 47.
Kd2 Qf2+ 48. Kc1 Qf1+ 49. Rd1 Qxb5 {White resigns} 0-1

[Event "Team 45 45 League T59"]
[Site "Internet Chess Club"]
[Date "2013.12.06"]
[Round "3"]
[White "MBAStudent"]
[Black "zap2"]
[Result "1/2-1/2"]
[WhiteElo "1691"]
[BlackElo "1755"]
[Opening "Pirc defense"]
[ECO "B07"]
[Time "04:12:15"]
[TimeControl "2700+45"]

1. e4 d6 2. d4 Nf6 3. Nc3 e5 4. dxe5 dxe5 5. Qxd8+ Kxd8 6. Bg5 c6 7. O-O-O+ Ke8
8. f4 Be7 9. h3 h6 10. Bh4 exf4 11. Nf3 Nbd7 12. Bc4 Nc5 13. Rhe1 Be6 14. Ne5
Nfd7 15. Nxd7 Nxd7 16. Bxe7 Kxe7 17. Nd5+ Kd8 18. Nxf4 Bxc4 19. Rd4 Ke7 20. Rxc4
Ne5 21. Rc5 f6 22. Rxe5+ fxe5 23. Ng6+ Kf6 24. Nxh8 Rxh8 25. Kd2 Rd8+ 26. Ke3
Rd4 27. Rf1+ Ke7 28. Rf5 Ra4 29. a3 Ra5 30. Ke2 g6 31. Rf2 Ra4 32. Ke3 Rd4 33.
Rf1 c5 34. g4 b5 35. h4 a5 36. g5 hxg5 37. hxg5 a4 38. Rf6 Rd6 39. Rf1 Rd4 40.
Rh1 Ke6 41. Rf1 Ke7 42. c3 Rd8 43. Rf6 Rd6 44. Rf1 c4 45. Rh1 Rd3+ 46. Ke2 Rg3
47. Rh7+ Kf8 48. Kf2 Rxg5 49. Rb7 Rg4 50. Kf3 Rf4+ 51. Ke3 Rh4 52. Rxb5 Rh3+ 53.
Ke2 Rh5 54. Kf3 Kf7 55. Kg3 Kf6 56. Rb6+ Kf7 57. Rb4 Rh1 58. Rxa4 Rg1+ 59. Kf2
Rb1 60. Rb4 Kf6 61. a4 Kg5 62. a5 Ra1 63. Rxc4 Rxa5 64. Rc6 Ra2 65. Rb6 Kf4 66.
Rb4 g5 67. Kg2 g4 68. Rb8 Ra1 69. Rf8+ Kxe4 70. Kg3 Rg1+ 71. Kh2 Rb1 72. Rf2 Ke3
73. Kg2 e4 74. c4 Kd3 75. Rf8 Rxb2+ 76. Kg3 e3 77. Rd8+ Ke2 78. Kxg4 Rc2 79. Rc8
Kd1 80. Rd8+ Rd2 81. Ra8 e2 82. Ra1+ Kc2 83. Re1 Kd3 84. Kf3 {Game drawn by
mutual agreement} 1/2-1/2

[Event "Team 45 45 League T59"]
[Site "Internet Chess Club"]
[Date "2013.12.06"]
[Round "3"]
[White "John3v16"]
[Black "cepheid"]
[Result "1-0"]
[WhiteElo "1667"]
[BlackElo "1604"]
[Opening "Sicilian: closed"]
[ECO "B23"]
[Time "23:01:53"]
[TimeControl "2700+45"]

1. e4 c5 2. Nc3 g6 3. f4 Bg7 4. Nf3 Nc6 5. Bc4 e6 6. O-O Nge7 7. d3 d5 8. exd5
exd5 9. Bb3 O-O 10. Qe1 b6 11. Ne5 Nxe5 12. fxe5 Be6 13. Bg5 Qc7 14. Bf6 a6 15.
Bxe7 Qxe7 16. Bxd5 Bxd5 17. Nxd5 Qxe5 18. Qxe5 Bxe5 19. Nxb6 Bd4+ 20. Kh1 Rad8
21. Nc4 f5 22. Rae1 Rfe8 23. g3 Kg7 24. Kg2 Rb8 25. b3 Bc3 26. Rxe8 Rxe8 27. Kf3
h6 28. Ne3 Bd2 29. Nd5 Re5 30. c4 g5 31. Rd1 Ba5 32. Rc1 Kf7 33. Rc2 Re1 34. Re2
Rh1 35. Kg2 Rd1 36. Ne3 Rxd3 37. Nxf5 Kg6 38. g4 Rd2 39. Kf3 Rxe2 40. Kxe2 h5
41. h3 hxg4 42. hxg4 Kf6 43. Ke3 Ke5 44. Ng3 Kf6 45. Ne4+ Kg6 46. Nxc5 Bb6 47.
b4 Kf6 48. Ke4 Bxc5 49. bxc5 {Black resigns} 1-0

[Event "Team 45 45 League T59"]
[Site "Internet Chess Club"]
[Date "2013.12.08"]
[Round "3"]
[White "Gilguli"]
[Black "semperfi"]
[Result "1-0"]
[WhiteElo "1417"]
[BlackElo "1380"]
[Opening "French: exchange variation"]
[ECO "C01"]
[Time "15:30:22"]
[TimeControl "2700+45"]

1. e4 e6 2. d4 d5 3. exd5 exd5 4. c4 Nf6 5. Nc3 Bb4 6. Bg5 Be6 7. Qf3 c6 8. Bxf6
Qxf6 9. Qxf6 gxf6 10. cxd5 Bxc3+ 11. bxc3 Bxd5 12. c4 Be4 13. f3 Bg6 14. Ne2 Na6
15. a3 O-O-O 16. O-O-O Rhe8 17. Nf4 Re3 18. Kb2 Nc7 19. Bd3 Bxd3 20. Rxd3 Rxd3
21. Nxd3 Rxd4 22. Kc3 Rd8 23. Re1 Re8 24. Rxe8+ Nxe8 25. Kd4 b6 26. c5 b5 27.
Ke4 Kd7 28. Kf5 a5 29. h4 Ke7 30. g4 Ng7+ 31. Ke4 h6 32. f4 Ne6 33. f5 Nc7 34.
Kd4 Nd5 35. Nb2 Kd7 36. Nd1 Kc7 37. Nc3 Nf4 38. Ne4 Ng2 39. h5 Ne1 40. Kc3 Nf3
41. Nxf6 Ne5 42. Kd4 b4 43. axb4 axb4 44. Kxe5 b3 45. Ne4 b2 46. Nd2 Kd7 47. Kf6
Ke8 48. Kg7 Ke7 49. Kxh6 Kf6 50. g5+ Kxf5 51. g6 fxg6 52. hxg6 Kf6 53. Kh7 Ke6
54. g7 Kd5 55. g8=Q+ Kxc5 56. Qa2 Kd6 57. Qxb2 c5 58. Nc4+ Kd5 59. Qc3 Kc6 60.
Kg6 Kd5 61. Kf6 Kc6 62. Ke6 Kb5 63. Kd6 Ka4 64. Qa3+ Kb5 65. Ne5 Kb6 66. Qxc5+
Kb7 67. Qc6+ Kb8 68. Nd7+ Ka7 69. Qb6+ Ka8 70. Qb8# {Black checkmated} 1-0

[Event "Team 45 45 League T59"]
[Site "Internet Chess Club"]
[Date "2013.12.09"]
[Round "3"]
[White "Portola"]
[Black "latayvia"]
[Result "1/2-1/2"]
[WhiteElo "1783"]
[BlackElo "1619"]
[Opening "Queen's pawn: London system"]
[ECO "A45"]
[Time "20:00:28"]
[TimeControl "2700+45"]

1. d4 Nf6 2. Bf4 g6 3. h3 d6 4. e3 Bg7 5. Nf3 c5 6. c3 O-O 7. Bc4 b6 8. Nbd2 Ba6
9. Bxa6 Nxa6 10. Qe2 Nc7 11. a4 Nfd5 12. Bg5 f6 13. Bh4 Qd7 14. Bg3 Ne6 15. Qc4
Ndc7 16. O-O Kh8 17. Rfe1 f5 18. Qe2 Rae8 19. Qd3 Nd5 20. Qc4 Ndc7 21. Qd3 Nd5
{Game drawn by mutual agreement} 1/2-1/2

[Event "Team 45 45 League T59"]
[Site "Internet Chess Club"]
[Date "2013.12.09"]
[Round "3"]
[White "misuc56"]
[Black "evan7284"]
[Result "1-0"]
[WhiteElo "1749"]
[BlackElo "1681"]
[Opening "Queen's gambit declined"]
[ECO "D30"]
[Time "15:00:26"]
[TimeControl "2700+45"]

1. d4 d5 2. c4 e6 3. e3 f5 4. Nc3 c6 5. Bd2 Nf6 6. h3 Bd6 7. c5 Bc7 8. b4 O-O 9.
Nf3 Nbd7 10. Be2 Ne4 11. a4 e5 12. O-O exd4 13. Nxe4 fxe4 14. Nxd4 Qf6 15. f4
Qh6 16. Bg4 Nf6 17. Bxc8 Raxc8 18. Nf5 Qh4 {Black resigns} 1-0

[Event "Team 45 45 League T59"]
[Site "Internet Chess Club"]
[Date "2013.12.08"]
[Round "3"]
[White "rubo"]
[Black "WOLFSPELZ"]
[Result "1/2-1/2"]
[WhiteElo "1641"]
[BlackElo "1520"]
[Opening "Queen's bishop game"]
[ECO "D00"]
[Time "16:00:22"]
[TimeControl "2700+45"]

1. d4 d5 2. Bf4 Nf6 3. Nf3 e6 4. e3 Be7 5. Bd3 c5 6. c3 Nc6 7. Nbd2 c4 8. Bc2 b5
9. Ne5 Bb7 10. a3 O-O 11. h3 a5 12. O-O a4 13. Rc1 Na5 14. Qf3 Nb3 15. Rcd1 Nxd2
16. Rxd2 Ne4 17. Re2 f5 18. Qh5 Qe8 19. Qxe8 Raxe8 20. Nd7 Rf7 21. Ne5 Rff8 22.
Nd7 Rf7 23. Ne5 Rff8 24. Nd7 Rf7 {Game drawn by repetition} 1/2-1/2

[Event "Team 45 45 League T59"]
[Site "Internet Chess Club"]
[Date "2013.12.08"]
[Round "3"]
[White "supermessi"]
[Black "JohLeb"]
[Result "1-0"]
[WhiteElo "1550"]
[BlackElo "1374"]
[Opening "QGD: Marshall defense"]
[ECO "D06"]
[Time "17:55:40"]
[TimeControl "2700+45"]

1. d4 d5 2. c4 Nf6 3. Nc3 Bf5 4. Nf3 e6 5. Bf4 Be7 6. h3 c6 7. e3 O-O 8. Be2 Bd6
9. Bxd6 Qxd6 10. Qb3 Qc7 11. Rc1 Nbd7 12. O-O Qb6 13. Qa3 Ne4 14. c5 Qc7 15. b4
b6 16. Nh4 Nxc3 17. Rxc3 Bg6 18. b5 bxc5 19. dxc5 Ne5 20. Nxg6 Nxg6 21. Rb1 Rfb8
22. Rcb3 Ne7 23. Qa6 Qc8 24. bxc6 Rxb3 25. Rxb3 Qxa6 26. Bxa6 Nxc6 27. Bb7 Na5
28. Bxa8 Nxb3 29. axb3 Kf8 30. b4 Ke8 31. b5 Kd8 32. Bb7 Kc7 33. Ba6 e5 34. Kf1
f5 35. Ke2 g5 36. f4 gxf4 37. exf4 e4 38. Ke3 h5 39. h4 Kd7 40. Bb7 Ke6 41. Kd4
Kd7 42. Bxd5 Kc7 43. Bf7 {Black resigns} 1-0

[Event "Team 45 45 League T59"]
[Site "Internet Chess Club"]
[Date "2013.12.10"]
[Round "3"]
[White "calsal"]
[Black "conrad9"]
[Result "1-0"]
[WhiteElo "1681"]
[BlackElo "1419"]
[Opening "French: Réti (Spielmann) variation"]
[ECO "C00"]
[Time "11:21:35"]
[TimeControl "2700+45"]

1. e4 e6 2. b3 d5 3. Bb2 dxe4 4. Nc3 Nf6 5. g4 a5 6. g5 Nd5 7. Nxe4 f5 8. gxf6
Nxf6 9. Nxf6+ gxf6 10. Qh5+ Kd7 11. Bc4 Qe7 12. O-O-O Nc6 13. d4 Kd8 14. d5 exd5
15. Bxd5 Bd7 16. Nf3 Kc8 17. Rhe1 Qd8 18. Be6 Bd6 19. Qf5 Ne7 20. Qxf6 Rf8 21.
Bxd7+ Kxd7 22. Qe6+ Kc6 23. Ne5+ Kb6 24. Nd7+ Kc6 25. Nxf8 Qxf8 26. Be5 Rd8 27.
Bxd6 Rxd6 28. Rxd6+ cxd6 29. Qxe7 Qf4+ 30. Qe3 Qxh2 31. f4 {Black resigns} 1-0

[Event "Team 45 45 League T59"]
[Site "Internet Chess Club"]
[Date "2013.12.04"]
[Round "3"]
[White "Mitochondria"]
[Black "JeffH"]
[Result "1/2-1/2"]
[WhiteElo "1504"]
[BlackElo "1540"]
[Opening "King's Indian: orthodox, Aronin-Taimanov, 9.Ne1"]
[ECO "E98"]
[Time "22:00:45"]
[TimeControl "2700+45"]

1. d4 Nf6 2. c4 g6 3. Nc3 Bg7 4. e4 d6 5. Nf3 O-O 6. Be2 e5 7. O-O Nc6 8. d5 Ne7
9. Ne1 Nd7 10. Nd3 f5 11. f3 Nf6 12. c5 f4 13. cxd6 cxd6 14. Bd2 Bd7 15. Qb3 b5
16. Rac1 Qb6+ 17. Kh1 a6 18. a4 Kh8 19. axb5 axb5 20. Nf2 Rfc8 21. Qb4 Ra7 22.
Nd3 Ne8 23. Ra1 Rca8 24. Rxa7 Rxa7 25. b3 Nc7 26. Nb2 Na6 27. Nc4 Qb7 28. Qxd6
Nc8 29. Qa3 bxc4 30. bxc4 Nc7 31. Qc1 Bf8 32. Qc2 Bc5 33. Rb1 Qa6 34. Nb5 Nxb5
35. cxb5 Qb6 36. Qb2 Bd4 37. Qb4 Qc5 38. Qb3 Nd6 39. h3 Nxb5 40. Bxb5 Rb7 41.
Qa4 Rxb5 42. Qa8+ Kg7 43. Rf1 Qc8 44. Qa3 Bc5 45. Qa1 Bd4 46. Qa3 Qc5 47. Qa8
Qc8 48. Qa3 {Game drawn by repetition} 1/2-1/2

[Event "Team 45 45 League T59"]
[Site "Internet Chess Club"]
[Date "2013.12.05"]
[Round "3"]
[White "jjaillet2007"]
[Black "Zyme"]
[Result "0-1"]
[WhiteElo "1387"]
[BlackElo "1397"]
[Opening "King's Indian defense, 3.Nc3"]
[ECO "E61"]
[Time "22:02:46"]
[TimeControl "2700+45"]

1. d4 Nf6 2. c4 g6 3. Nc3 Bg7 4. Nf3 O-O 5. Bg5 h6 6. Bh4 d6 7. e3 Nc6 8. Bd3
Bg4 9. h3 Bd7 10. O-O g5 11. Bg3 Nh5 12. Bh2 f5 13. Nxg5 hxg5 14. Qxh5 Rf6 15.
Qxg5 Qe8 16. Nd5 Rg6 17. Nxc7 Rxg5 18. Nxe8 Rxe8 19. f4 Rh5 20. Rad1 Kf7 21. d5
Nb4 22. Bb1 Bxb2 23. Rf2 Bf6 24. a3 Na6 25. e4 fxe4 26. Bxe4 Nc5 27. Bc2 Reh8
28. Rf3 Bg4 29. hxg4 Rxh2 30. Rh3 R8xh3 31. gxh3 Rxc2 32. g5 Bg7 33. Rf1 Bd4+
34. Kh1 Ne4 35. h4 Ng3# {White checkmated} 0-1

[Event "Team 45 45 League T59"]
[Site "Internet Chess Club"]
[Date "2013.12.07"]
[Round "3"]
[White "AlPearson"]
[Black "stantheman59"]
[Result "1-0"]
[WhiteElo "1379"]
[BlackElo "1158"]
[Opening "QGD: 3.Nc3"]
[ECO "D31"]
[Time "10:01:11"]
[TimeControl "2700+45"]

1. d4 e6 2. c4 d5 3. Nc3 h6 4. Nf3 Bb4 5. Bf4 Nc6 6. e3 Nf6 7. a3 Bxc3+ 8. bxc3
Bd7 9. Bd3 dxc4 10. Bxc4 Na5 11. Bd3 Nd5 12. Bg3 f6 13. Bg6+ Kf8 14. O-O f5 15.
Ne5 Nc6 16. Nf7 Qf6 17. Nxh8 Ke7 18. Qh5 Rxh8 19. Bh4 Qxh4 20. Qxh4+ Kd6 21. c4
Nde7 22. c5+ Kd5 23. e4+ Kc4 24. exf5 exf5 25. Bf7+ Kb5 26. Rfb1+ Ka6 27. d5 Ne5
28. c6 Bxc6 29. dxc6 N7xc6 30. Qa4+ Na5 31. Re1 b5 32. Qd4 Nac6 33. Qd5 Kb6 34.
Rxe5 Nxe5 35. Qxe5 g6 36. Rb1 a6 37. a4 c6 38. Qxh8 {Black resigns} 1-0

[Event "Team 45 45 League T59"]
[Site "Internet Chess Club"]
[Date "2013.12.09"]
[Round "3"]
[White "Electryon"]
[Black "clarinetref"]
[Result "0-1"]
[WhiteElo "1560"]
[BlackElo "1603"]
[Opening "Sicilian"]
[ECO "B50"]
[Time "21:06:52"]
[TimeControl "2700+45"]

1. Nf3 d6 2. e4 c5 3. d3 Nc6 4. g3 g6 5. Bg2 Bg7 6. Nbd2 Bd7 7. O-O Qc8 8. Re1
Bh3 9. Bh1 h6 10. c3 e5 11. Nc4 Qd7 12. Ne3 Nge7 13. Bd2 f5 14. b4 cxb4 15. cxb4
f4 16. Nc4 O-O 17. Qb3 Kh7 18. Bg2 fxg3 19. fxg3 Bg4 20. Rf1 Bxf3 21. Rxf3 Nd4
22. Qd1 Nxf3+ 23. Bxf3 d5 24. Bg4 Qb5 25. exd5 Nxd5 26. a4 Qc6 27. Rc1 Qf6 28.
Qe2 Rae8 29. Bh3 Nb6 30. Rf1 Qd8 31. a5 Rxf1+ 32. Bxf1 Nxc4 33. dxc4 e4 34. Qe3
Qd4 35. Kg2 Rf8 36. c5 Rf3 37. Qxd4 Bxd4 38. Be2 Rf2+ {White resigns} 0-1

[Event "Team 45 45 League T59"]
[Site "Internet Chess Club"]
[Date "2013.12.10"]
[Round "3"]
[White "uzi"]
[Black "seattleblues"]
[Result "1-0"]
[WhiteElo "1329"]
[BlackElo "1535"]
[Opening "Caro-Kann: classical variation"]
[ECO "B18"]
[Time "04:32:00"]
[TimeControl "2700+45"]

1. e4 c6 2. d4 d5 3. Nc3 dxe4 4. Nxe4 Bf5 5. Ng3 Bg6 6. Nf3 Nf6 7. Bc4 Nbd7 8.
O-O e6 9. Re1 Be7 10. Bg5 h6 11. Bf4 O-O 12. c3 Rc8 13. Qb3 Nd5 14. Bxd5 cxd5
15. Qxb7 Nb6 16. Qxa7 Ra8 17. Qc7 Qxc7 18. Bxc7 Nc4 19. b3 Na3 20. Rac1 Nb5 21.
Be5 Rxa2 22. c4 dxc4 23. bxc4 Na7 24. Ra1 Rxa1 25. Rxa1 Nc6 26. h3 Bd3 27. c5
Bc4 28. Bd6 Bxd6 29. cxd6 Rd8 30. Ne5 Bd5 31. Nxc6 Bxc6 32. Ra6 Bd5 33. Rb6 Kf8
34. Ne2 Ke8 35. Nc3 Ba8 36. f3 Rc8 37. Nb5 Bd5 38. Nc7+ Kd7 39. Nxd5 exd5 40.
Rb7+ Kxd6 41. Rxf7 Rc7 42. Rxc7 Kxc7 43. Kf2 Kd7 44. Ke3 Ke6 45. g4 g6 46. h4
Kf6 47. f4 h5 48. gxh5 gxh5 49. Kf3 Kf5 50. Kg3 Ke4 51. f5 Kxf5 52. Kf3 Kf6 53.
Kf4 Ke6 54. Kg5 Kf7 55. Kxh5 Kf6 56. Kg4 Kg6 57. h5+ Kh6 58. Kh4 Kh7 59. Kg5 Kg7
60. h6+ Kh7 61. Kh5 Kh8 62. Kg6 Kg8 63. h7+ Kh8 64. Kf6 Kxh7 65. Ke5 Kg7 66.
Kxd5 Kf7 67. Kc6 Ke7 68. d5 Kd8 69. Kd6 Ke8 70. Kc7 Ke7 71. d6+ Ke8 72. d7+
{Black resigns} 1-0

[Event "Team 45 45 League T59"]
[Site "Internet Chess Club"]
[Date "2013.12.05"]
[Round "3"]
[White "akshayk06"]
[Black "Aquaman"]
[Result "1-0"]
[WhiteElo "1494"]
[BlackElo "1378"]
[Opening "Caro-Kann defense"]
[ECO "B12"]
[Time "20:30:43"]
[TimeControl "2700+45"]

1. e4 c6 2. d4 d6 3. Nf3 Bg4 4. Be2 Nd7 5. O-O e5 6. c3 Be7 7. Be3 Ngf6 8. Nbd2
Qc7 9. Rc1 O-O 10. Nh4 Bxe2 11. Qxe2 Nxe4 12. Nf5 Ndf6 13. Nxe4 Nxe4 14. Qg4 g6
15. Nxe7+ Qxe7 16. Qxe4 f5 17. Qc2 e4 18. Rce1 d5 19. Bh6 Rf7 20. f3 f4 21. fxe4
Qh4 22. exd5 Qxh6 23. dxc6 bxc6 24. Qe4 g5 25. d5 cxd5 26. Qxd5 Rf8 27. Re7 Kg7
28. Qd4+ Qf6 29. Rxf7+ Rxf7 30. Qxf6+ Rxf6 31. Rd1 Rf7 32. Kf2 h5 33. Rd5 Kg6
34. h3 Rb7 35. b4 Rc7 36. Rd3 h4 37. a4 Rc6 38. Kf3 a6 39. Kg4 Rf6 40. Rd5 Re6
41. Rxg5+ Kf6 42. Rf5+ Ke7 43. Rxf4 Re2 44. Kxh4 Rxg2 45. b5 axb5 46. axb5 Kd6
47. b6 Kc6 48. Rb4 Kb7 49. c4 Rc2 50. Kg4 Rc3 51. h4 Rc2 52. h5 Rg2+ 53. Kf5
Rf2+ 54. Kg6 Rg2+ 55. Kh7 Rh2 56. h6 Rh4 57. Kg6 Rg4+ 58. Kh5 Rg2 59. c5 Rh2+
60. Kg6 Rg2+ 61. Kh7 Rg5 62. Rc4 Rg3 63. c6+ Kxb6 64. c7 {Black resigns} 1-0

[Event "Team 45 45 League T59"]
[Site "Internet Chess Club"]
[Date "2013.12.07"]
[Round "3"]
[White "Fogbound"]
[Black "Conjurer"]
[Result "1-0"]
[WhiteElo "1362"]
[BlackElo "1336"]
[Opening "Queen's pawn game"]
[ECO "A46"]
[Time "14:35:05"]
[TimeControl "2700+45"]

1. d4 Nf6 2. Nf3 e6 3. Bf4 d5 4. e3 Nbd7 5. Be2 c5 6. c3 cxd4 7. exd4 Be7 8.
Nbd2 O-O 9. O-O Qb6 10. Nb3 Re8 11. a4 Nf8 12. Ne5 Ng6 13. a5 Qd8 14. Bg3 a6 15.
Nxg6 fxg6 16. Be5 h5 17. Bd3 Kh7 18. Qc2 Ne4 19. f3 Rh8 20. fxe4 dxe4 21. Bxe4
Bf6 22. Bxg6+ Kg8 23. Rae1 Bd7 24. Nc5 Bc6 25. Nxe6 Qd5 26. Nf4 Qd7 27. Bf5 Qf7
28. Be6 {Black resigns} 1-0

[Event "Team 45 45 League T59"]
[Site "Internet Chess Club"]
[Date "2013.12.07"]
[Round "3"]
[White "losscause"]
[Black "parrot9"]
[Result "0-1"]
[WhiteElo "1595"]
[BlackElo "1642"]
[Opening "Queen's bishop game"]
[ECO "D02"]
[Time "14:07:13"]
[TimeControl "2700+45"]

1. d4 d5 2. Nf3 Nf6 3. Bf4 e6 4. c4 c6 5. e3 Nbd7 6. Bd3 dxc4 7. Bxc4 b5 8. Bd3
Bb7 9. O-O a6 10. Nbd2 Be7 11. Rc1 c5 12. dxc5 Nxc5 13. Bb1 Nd3 14. Bxd3 Qxd3
15. Rc3 Qd8 16. Bc7 Qd5 17. Qc2 O-O 18. Be5 Rac8 19. Bxf6 Bxf6 20. e4 Rxc3 21.
bxc3 Qc5 22. Rc1 Rc8 23. c4 g6 24. a4 bxc4 25. Nxc4 Qb4 26. Nfd2 Bg5 27. Rd1
Bxd2 {White resigns} 0-1

[Event "Team 45 45 League T59"]
[Site "Internet Chess Club"]
[Date "2013.12.09"]
[Round "3"]
[White "BrerRabbit"]
[Black "TwinsburgOHUSA"]
[Result "1/2-1/2"]
[WhiteElo "1555"]
[BlackElo "1456"]
[Opening "King's Indian: East Indian defense"]
[ECO "A48"]
[Time "19:01:16"]
[TimeControl "2700+45"]

1. d4 Nf6 2. Nf3 g6 3. Nbd2 Bg7 4. e4 d6 5. c3 O-O 6. Bd3 e5 7. O-O Nc6 8. dxe5
Nxe5 9. Nxe5 dxe5 10. Nf3 Re8 11. Bg5 a6 12. Re1 b5 13. Qe2 Qe7 14. Rad1 c5 15.
Qd2 Rd8 16. Qc1 Bg4 17. h3 Bxf3 18. gxf3 Qe6 19. Kg2 Qxa2 20. h4 h5 21. Qc2 Qe6
22. Be2 Rab8 23. Ra1 Qb6 24. Kg3 Qc6 25. Ra5 Rd6 26. Rea1 Rb6 27. Be3 Nd7 28.
Kg2 Qc7 29. c4 b4 30. b3 Rbc6 31. Qa2 Qa7 32. Bd2 {Game drawn by mutual
agreement} 1/2-1/2

[Event "Team 45 45 League T59"]
[Site "Internet Chess Club"]
[Date "2013.12.08"]
[Round "3"]
[White "g8wrb"]
[Black "otib2006"]
[Result "1-0"]
[WhiteElo "1474"]
[BlackElo "1283"]
[Opening "Sicilian: Alapin's variation (2.c3)"]
[ECO "B22"]
[Time "06:03:46"]
[TimeControl "2700+45"]

1. e4 c5 2. c3 e6 3. Nf3 Nf6 4. e5 Nd5 5. d4 cxd4 6. cxd4 Bb4+ 7. Bd2 Nc6 8. Bc4
Qa5 9. O-O b5 10. Bxb4 Qxb4 11. Bxd5 exd5 12. Qd2 Qxd2 13. Nbxd2 O-O 14. Rac1
Ba6 15. Nb3 b4 16. Rfe1 Bc4 17. Nc5 Bxa2 18. Nxd7 Rfd8 19. Nf6+ gxf6 20. Rxc6
fxe5 21. Rxe5 Re8 22. Ra6 Bb1 23. Rxd5 Be4 24. Rg5+ Kh8 25. Ne5 Bg6 26. Nxg6+
fxg6 27. Kf1 Rec8 28. Rc5 Rcb8 29. Ke2 Rb6 30. Rxb6 axb6 31. Rc1 Re8+ 32. Kd3
Kg7 33. Rc7+ Kh6 34. Kd2 Re4 35. Rd7 Re6 36. f4 Rc6 37. d5 Rc5 38. d6 b3 39. Kd3
b5 40. g4 Rc2 41. Rxh7+ Kxh7 42. d7 Rc1 43. Ke2 Rc2+ 44. Ke3 Rxb2 45. d8=Q Rxh2
46. Qe7+ Kh8 47. Qe5+ Kg8 48. Qxb5 b2 49. Qc4+ Kf8 50. Qb4+ Kf7 51. Kd4 Rh4 52.
Qxb2 Rxg4 53. Qb7+ Kf6 54. Qc6+ Kf5 55. Qe4+ Kf6 56. Qf3 Rh4 57. Ke4 g5 58. Qc3+
Ke7 59. Qe5+ Kf7 60. Qxg5 Rh1 61. f5 Re1+ 62. Kd3 Rd1+ 63. Kc3 Rf1 64. Qg6+ Ke7
65. Qg7+ Kd6 66. f6 Rf3+ 67. Kd4 Ke6 68. Qe7+ Kf5 69. f7 Kg4 70. Qe4+ Rf4 71.
Qxf4+ Kxf4 {Black resigns} 1-0

[Event "Team 45 45 League T59"]
[Site "Internet Chess Club"]
[Date "2013.12.06"]
[Round "3"]
[White "rookmaster23"]
[Black "pereelcoix"]
[Result "0-1"]
[WhiteElo "1637"]
[BlackElo "1700"]
[Opening "Ruy Lopez: Alapin's defense"]
[ECO "C60"]
[Time "16:00:10"]
[TimeControl "2700+45"]

1. e4 e5 2. Nf3 Nc6 3. Bb5 Bb4 4. O-O Nge7 5. c3 Ba5 6. d4 exd4 7. cxd4 d5 8. e5
h6 9. Bd2 Bb6 10. Nc3 O-O 11. Be3 Bg4 12. Be2 Qd7 13. Qd2 Rfe8 14. Rfe1 Nf5 15.
Rad1 Nxe3 16. Qxe3 Bxf3 17. Bxf3 Rxe5 18. Qd2 Rxe1+ 19. Rxe1 Nxd4 20. Qf4 Nxf3+
21. Qxf3 Re8 22. Rd1 c6 23. h3 Qe6 24. Na4 Qe2 25. Qd3 Qxf2+ 26. Kh1 Re1+ 27.
Rxe1 Qxe1+ 28. Kh2 Bg1+ 29. Kh1 Bf2+ 30. Kh2 Qg1# {White checkmated} 0-1